 Dungeon Crawl Stone Soup version 0.26.0-10-g1f06aea511 (webtiles) character file.

Game seed: 3938431023834844904

0 Goblin1989 the Sneak (level 1, 0/16 HPs)
             Began as a Demonspawn Delver on Jan 24, 2021.
             Was an Initiate of Hepliaklqana.
             Killed by nerve-wracking pain
             ... invoked by Grinder
              (1 damage)
             ... on level 5 of the Dungeon.
             The game lasted 00:01:48 (217 turns).

Goblin1989 the Sneak (Demonspawn Delver)             Turns: 217, Time: 00:01:48

Health: 0/16       AC:  3    Str: 12    XL:     1   Next: 0%
Magic:  1/1        EV: 12    Int: 11    God:    Hepliaklqana [......]
Gold:   0          SH:  0    Dex: 14    Spells: 0/0 levels left

rFire    . . .     SeeInvis .   a - +0 mace
rCold    . . .     Faith    .   (no shield)
rNeg     . . .     Spirit   .   b - +0 leather armour
rPois    .         Reflect  .   (no helmet)
rElec    .         Harm     .   (no cloak)
rCorr    .         Rampage  .   (no gloves)
Will     .....                  (no boots)
Stlth    ++........             (no amulet)
HPRegen  0.05/turn              (no ring)
MPRegen  0.07/turn              (no ring)

@: no status effects
A: reduced essence
a: Renounce Religion, Recall Ancestor, Ancestor Identity


You were on level 5 of the Dungeon.
You worshipped Hepliaklqana.
Hepliaklqana was noncommittal.
You visited 2 branches of the dungeon, and saw 3 of its levels.

Inventory:

Hand Weapons
 a - a +0 mace (weapon)
Armour
 b - a +0 leather armour (worn)
Wands
 g - a wand of digging (3) {@v1}
Scrolls
 c - a scroll of fog
Potions
 f - a potion of haste {@q3,}


   Skills:
 - Level 3.0 Fighting
 + Level 1.7 Maces & Flails
 - Level 1.7 Dodging
 - Level 4.5 Stealth


You couldn't memorise any spells.
You didn't know any spells.
Your spell library was empty.

Dungeon Overview and Level Annotations

Branches:
Dungeon (5/15)             Temple (1/1) D:5

Altars:
Dithmenos
Elyvilon
Fedhas
Gozag
Hepliaklqana
Kikubaaqudgha
Makhleb
Nemelex Xobeh
Okawaru
Qazlal
Ru
Sif Muna
Trog
Uskayaw
Wu Jian
Xom
Yredelemnul
The Shining One

Annotations:
D:5 exclusion: upstairs, Grinder


Message History

Found a shimmering blue altar of Sif Muna.
Found an iron altar of Okawaru.
There is a sparkling altar of Nemelex Xobeh here.
There is a hide-covered altar of Uskayaw here.
Done exploring.
Done exploring.
Done exploring.
There is a hide-covered altar of Uskayaw here.
There is a hazy altar of Hepliaklqana here.
You kneel at the altar of Hepliaklqana.
Hepliaklqana welcomes you!
Hepliaklqana forms a fragment of your life essence into the memory of your ancestor, Ku-aya!
You can now recall your ancestor.
You can now remember your ancestor's identity.
You take 2 damage, and have 16/16 hp.
There is a staircase back to the Dungeon here.
You climb upwards.
Level annotation: exclusion: upstairs, Grinder Grinder zaps a wand.
You turn into an insubstantial wisp.
Your +0 mace melds into your body.
Your +0 leather armour melds into your body.
There is a staircase to the Ecumenical Temple here.
As you read the scroll of magic mapping, it crumbles to dust.
You feel aware of your surroundings.
Grinder says, "You look like you could use a good racking."
You reach down and open the door.
Grinder completely misses Ku-aya.
There is an open door here.
Ku-aya hits Grinder.
Grinder closely misses Ku-aya.
Ku-aya hits Grinder but does no damage.
Grinder closely misses Ku-aya.
You blink.
Found a dagger.
You blink.
Ku-aya hits Grinder.
Ku-aya has departed this plane of existence.
You see here a dagger.
Your transformation is almost over.
Grinder gestures at you.
You suddenly lose the ability to move!
Grinder hits you!
Ouch! That really hurt!
* * * LOW HITPOINT WARNING * * *
You blink.
Grinder blinks!
Your transformation has ended.
Your +0 mace unmelds from your body.
Your +0 leather armour unmelds from your body.
Grinder says, "My boss said I was rubbish.
His entrails said otherwise."
Grinder gestures at you.
You shrug off the repeated paralysis!
Grinder zaps a wand.
You resist with significant effort.
Grinder zaps a wand.
You turn into a tree.
Your +0 leather armour melds into your body.
Your roots penetrate the ground.
You can move again.
You now have 9/24 hp.
Unknown command.
As you read the scroll of fear, it crumbles to dust.
You assume a fearsome visage.
Grinder is unaffected.
Okay, then.
You hit Grinder.
Grinder is lightly wounded.
Grinder blinks!
Grinder zaps a wand.
Grinder zaps a wand.
The now-empty wand crumbles to dust.
Grinder gestures at you.
You suddenly lose the ability to move!
Grinder says, "I used to sell toenails on the black market."
Your transformation is almost over.
Grinder completely misses you. Grinder hits you but does no damage.
Grinder barely misses you. Grinder hits you but does no damage.
You can move again.
Unknown command.
You closely miss Grinder.
Grinder is lightly wounded.
Grinder hits you but does no damage.
You closely miss Grinder.
Grinder is lightly wounded.
Grinder completely misses you.
You closely miss Grinder.
Grinder is lightly wounded.
Grinder hits you but does no damage. Grinder completely misses you.
You barely miss Grinder.
Grinder is lightly wounded.
You feel less wooden.
Your +0 leather armour unmelds from your body.
Grinder blinks!
You now have 7/16 hp.
Grinder misses you.
You see here a dagger.
Ku-aya emerges from the mists of memory!
Grinder gestures at you. Pain shoots through your body!
* * * LOW HITPOINT WARNING * * *
You take 6 damage, and have 1/16 hp.
MASSIVE DAMAGE!!
There is an open door here.
Grinder gestures at you. Pain shoots through your body!
You die... ▓▓▓▓▓·▓▓█.5.......█..█..████ ▓·....█████.█████......█ ▓▓█▓▓·▓ █.█ ██.....█ ▓▓▓▓▓▓▓···▓ █.█ █..█...█ ········▓·▓ ███.███ █..█...█ ▓▓▓▓▓▓█████ ███████

█..█...█
██...████Ψ.Ψ████..█...█
████..█....█.>.∆.....█████
█.......████Ψ.@███████
███...███ ███∆███ █...███
███.███ █....R█ █.█
█.5.).█ █.█ █...█.█████5█
█...█.R5..R.█
█...█████████


█████ You could see the friendly Ku-aya the ancestor and Grinder.

Vanquished Creatures (others)
  An ancestor (D:5)
1 creature vanquished.

Notes
Turn   | Place    | Note
-------+----------+-------------------------------------------
     0 | D:5      | Goblin1989 the Demonspawn Delver began the quest for the
                  | Orb.
     0 | D:5      | Reached XP level 1. HP: 18/18 MP: 1/1
     5 | D:4      | Noticed an orc priest
     5 | D:4      | Noticed an orc priest
    12 | D:5      | Found a staircase to the Ecumenical Temple.
    13 | D:5      | Noticed Grinder
    39 | Temple   | Entered the Ecumenical Temple
   131 | Temple   | Became a worshipper of Hepliaklqana the Forgotten
   179 | D:5      | Paralysed by Grinder for 6 turns
   193 | D:5      | Paralysed by Grinder for 7 turns
   217 | D:5      | Killed from afar by Grinder

Illustrated notes

Levels and vault maps discovered:
D:4:      corexii_shantytown, layout_loops_ring, serial_shops, shop,
          fedhas_altar_1, uniq_blork_the_orc, uniq_ijyb
D:5:      layout_rooms, temple_doors_e, uniq_pikel, uniq_grinder, uniq_menkaure
Temple:   compressed_dpeg_circular_temple

Action                   || total
-------------------------++-------
Melee: Mace              ||     5
  Use: Scroll            ||     2
Armor: Skin              ||     4
Dodge: Dodged            ||     5
